 Dungeon Crawl Stone Soup version 0.28.0-53-g5a82cb258f (webtiles) character file.

Game seed: 2906029046173631650

174 MiltankisOP the Changer (level 5, -3/33 HPs)
             Began as an Octopode Transmuter on July 12, 2022.
             Was an Initiate of Gozag.
             Slain by Sigmund
             ... wielding a +0 scythe
              (7 damage)
             ... on level 3 of the Dungeon.
             The game lasted 00:04:09 (2743 turns).

MiltankisOP the Changer (Octopode Transmuter)       Turns: 2743, Time: 00:04:10

Health: -3/33      AC:  1    Str: 10    XL:     5   Next: 54%
Magic:  7/8        EV: 13    Int: 15    God:    Gozag
Gold:   367        SH:  0    Dex: 14    Spells: 4/8 levels left

rFire   . . .      SeeInvis .     - Unarmed
rCold   . . .      Faith    .   (no shield)
rNeg    . . .      Spirit   .   (helmet restricted)
rPois   .          Reflect  .   (no amulet)
rElec   .          Harm     .   c - ring of willpower
rCorr   .          Rampage  .   (no ring)
Will    +....                   (no ring)
Stlth   ++........              (no ring)
HPRegen 0.11/turn               (no ring)
MPRegen 0.11/turn               (no ring)
                                (no ring)
                                (no ring)

@: no status effects
A: almost no armour, amphibious, 8 rings, camouflage 1, gelatinous body 1,
(nimble swimmer 1), tentacles
a: Renounce Religion, Potion Petition, Call Merchant, Bribe Branch


You were on level 3 of the Dungeon.
You worshipped Gozag.
Gozag was aware of your devotion.
You visited 1 branch of the dungeon, and saw 3 of its levels.

You collected 367 gold pieces.

Inventory:

Jewellery
 c - a ring of willpower (left tentacle)
Scrolls
 b - 2 scrolls of fear {unknown}
 e - 2 scrolls of vulnerability {unknown}
 f - a scroll of fog {unknown}
 g - 2 scrolls of acquirement {unknown}
 j - a scroll of immolation {unknown}
Potions
 a - 2 potions of cancellation {unknown}
 d - a potion of might {unknown}
 h - 4 potions of brilliance {unknown}
 i - a potion of attraction {unknown}


   Skills:
 - Level 1.0 Fighting
 - Level 2.7 Dodging
 - Level 3.0 Unarmed Combat
 - Level 2.0 Spellcasting
 + Level 3.9 Transmutations
 + Level 3.8 Poison Magic


You had 4 spell levels left.
You knew the following spells:

 Your Spells              Type           Power      Damage    Failure   Level
a - Beastly Appendage     Tmut           26%        N/A       4%          1
b - Spider Form           Tmut/Pois      13%        N/A       14%         3

Your spell library contained the following spells:

 Spells                   Type           Power      Damage    Failure   Level
 Wereblood                Tmut           13%        N/A       7%          2
 Blink                    Tloc           2%         N/A       32%         2
 Lesser Beckoning         Tloc           1%         N/A       54%         3
 Ice Form                 Ice/Tmut       7%         N/A       69%         4
 Manifold Assault         Tloc           1%         N/A       99%         5


Dungeon Overview and Level Annotations

Branches:
Dungeon (3/15)

Altars:
Gozag
Ru

Annotations:
D:3 Sigmund


Innate Abilities, Weirdness & Mutations

You cannot wear most types of armour.
You are amphibious.
You can wear up to eight rings at the same time.
Your skin changes colour to match your surroundings (Stealth+).
Your rubbery body absorbs attacks. (AC +1, EV +1)
((You are camouflaged when in or above water. (Stealth+)))
You have tentacles for arms and can constrict up to eight enemies at once.


Message History

Memorise Spider Form, consuming 3 spell levels and leaving 4?
You start memorising the spell.
You continue memorising. x3
You finish memorising.
Spell assigned to 'b'.
Okay, then.
Done exploring.
Done exploring.
Done exploring.
Casting: Beastly Appendage (safe; 4% risk of failure)
Confirm with . or Enter, or press ? or * to list all spells.
The spell is quite dangerous to miscast (14% risk of failure)!
Continue anyway?
You turn into a venomous arachnid creature.
You climb downwards.
Level annotation: Sigmund
There is a stone staircase leading up here.
Something hits you!
Deactivating autopickup; reactivate with Ctrl-A.
You hear some strange, mumbled words.
You are confused.
You hear some strange, mumbled words.
Something tries to affect you, but you resist.
Something misses you.
You feel less confused. Something hits you. Something hits you!
Your transformation is almost over.
Something barely misses you. Something closely misses you. Something hits you!
* * * LOW HITPOINT WARNING * * *
Something closely misses you.
You barely miss something. You hit something. Something closely misses you.
You hit something.
Your transformation has ended.
Something hits you.
* * * LOW HITPOINT WARNING * * *
There is a stone staircase leading up here.
Something hits you!
You die...
Your body crumbles into a pile of gold.

###.#........####...###
###.##.......# ##....###
....###....#.# ##.#...#
#######.#....######.#...# .#
#............##.#...#
.####.####.....#....#...# ..##..#
#.......{##.....# .....##
#...............# #.####
#.......@>......## ...##
#...........#....######## .#..##
######................... .##..#
#................#.. ...#.#####
#..#................
.).......#####....##..........#..
.................#####........)).
#.........#......# #....#####).
#...........####.######......##..


There were no monsters in sight!

Vanquished Creatures
  A phantom (D:3)
  Jessica (D:3)
  A gnoll (D:1)
  2 adders (D:3)
  2 dart slugs (D:3)
  An orc (D:3)
  2 ball pythons
  9 bats
  2 endoplasms
  A giant cockroach (D:1)
  7 goblins
  5 hobgoblins
  4 jackals (D:1)
  2 quokkas (D:1)
  A frilled lizard (D:1)
  A rat (D:1)
42 creatures vanquished.

Notes
Turn   | Place    | Note
-------+----------+-------------------------------------------
     0 | D:1      | MiltankisOP the Octopode Transmuter began the quest for the
                  | Orb.
     0 | D:1      | Reached XP level 1. HP: 13/13 MP: 3/3
   177 | D:1      | Reached XP level 2. HP: 11/18 MP: 3/5
   206 | D:1      | Reached skill level 1 in Poison Magic
   393 | D:1      | Found a faded altar of an unknown god.
   433 | D:1      | Prayed at the altar of an unknown god.
   433 | D:1      | Became a worshipper of Gozag Ym Sagoz the Greedy
   933 | D:1      | Reached XP level 3. HP: 22/23 MP: 4/6
  2032 | D:3      | Reached XP level 4. HP: 27/28 MP: 5/7
  2069 | D:3      | Noticed Jessica
  2080 | D:3      | Killed Jessica
  2151 | D:3      | Noticed a phantom
  2165 | D:3      | Killed a phantom
  2166 | D:3      | Reached XP level 5. HP: 11/33 MP: 8/8
  2375 | D:3      | Found a sacrificial altar of Ru.
  2700 | D:3      | Noticed Sigmund
  2721 | D:2      | Learned a level 3 spell: Spider Form
  2743 | D:3      | Slain by Sigmund

Illustrated notes

Levels and vault maps discovered:
D:1:      minmay_arrival_loop, layout_loops_ring,
          hellmonk_ecumenical_altar_dog_temple
D:2:      layout_basic, st_stairs_11
D:3:      layout_rooms, nicolae_ru_awakened_eye, minmay_misc_feat_tiny,
          kennysheep_another_room, minmay_distorted, uniq_jessica, uniq_sigmund,
          uniq_crazy_yiuf_cottage

Skill      XL: |  1  2  3  4 |
---------------+-------------+-----
Poison Magic   | 1 2 3 |  3.8
Transmutations | 3 |  3.9
Fighting       | |  1.0
Dodging        | |  2.7
Unarmed Combat | |  3.0
Spellcasting   | |  2.0

Action                   |  1- 3 |  4- 6 || total
-------------------------+-------+-------++-------
Melee: Unarmed           |    71 |    31 ||   102
       Constrict         |    23 |     6 ||    29
       Tentacles         |     9 |     2 ||    11
       Kick              |    18 |    11 ||    29
 Cast: Beastly Appendage |    20 |     4 ||    24
       Spider Form       |       |     1 ||     1
 Stab: Sleeping          |     7 |     1 ||     8
Armor: Skin              |     4 |     2 ||     6
Dodge: Dodged            |    43 |    20 ||    63
